 Dungeon Sprint DCSS version 0.31-a0-1074-g0b22e4e0f1 (webtiles) character file.

Game seed: 3055482373816433601

3162 rocky1 the Brawler (level 11, -2/104 HPs)
             Began as a Troll Shapeshifter on Dec 3, 2023.
             Was the Champion of Qazlal.
             Slain by an eldritch tentacle (31 damage)
             ... called by a dimme
             ... in the Dungeon (Sprint VI: "Thunderdome").
             The game lasted 00:13:27 (1743 turns).

rocky1 the Brawler (Troll Shapeshifter)             Turns: 1743, Time: 00:13:28

Health: -2/104     AC:  3    Str: 26    XL:     11   Next: 92%
Magic:  18/18      EV: 11    Int:  8    God:    Qazlal [******]
Gold:   466        SH: 13    Dex:  9    Spells: 10/10 levels left

rFire   . .          .
                       - Unarmed
rCold   + . .        (shield currently unavailable)
rNeg    . . .        j - +0 troll leather armour
rPois   +            (helmet restricted)
rElec   +            (no cloak)
rCorr   .            (gloves unavailable)
SInv    .            (boots unavailable)
Will    +....        q - amulet "Quuhaywi" {Reflect Slay+3 SH+5} Stlth
                     p - ring of Widosix {rElec rPois Will+ Slay+2 Stlth-}
HPRegen 1.97/turn    (no ring)
MPRegen 0.16/turn

%: no teleportation, repel missiles, reflection
@: blade hands, protected from cold, mesmerised
A: large, unfitting armour, (claws 3), regeneration 1, shaggy fur 1, tough skin
1
}: 1/15 runes: serpentine
a: Begin Untransformation, Renounce Religion, Upheaval, Elemental Force,
Disaster Area


You were in the Dungeon.
You worshipped Qazlal.
Qazlal was exalted by your worship.
You had blades for hands.
You visited 1 branch You collected 2350 gold pieces.
You spent 1884 gold pieces at shops.

Inventory:

Armour
 a - a +0 animal skin
 j - a +0 troll leather armour (worn)
Jewellery
 p - the ring of Widosix (left blade hand) {rElec rPois Will+ Slay+2 Stlth-}
   (You bought it in a shop in the Dungeon)

   [ring of poison resistance]

   Slay+2:    It affects your accuracy & damage with ranged weapons and melee
   (+2).
   rElec:     It insulates you from electricity.
   rPois:     It protects you from poison Will+: It increases your willpower.
   Stlth-:    It makes you less stealthy.
 q - the amulet "Quuhaywi" (around neck) {Reflect Slay+3 SH+5}
   (You bought it in a shop in the Dungeon)

   [amulet of reflection]

   Reflect:   It reflects blocked missile attacks.
   Slay+3:    It affects your accuracy & damage with ranged weapons and melee
   (+3).
   SH+5:      It affects your SH (+5).
Talismans
 c - a beast talisman
 d - a flux talisman
 o - a granite talisman
 r - a maw talisman
 s - a dragon-blood talisman
 t - a blade talisman (active)
 u - a serpent talisman
Wands
 l - a wand of quicksilver (4)
 m - a wand of iceblast (1) (quivered)
Scrolls
 n - 2 scrolls of fog
Potions
 b - a potion of lignification
 e - 4 potions of curing
 f - 4 potions of heal wounds
 g - 4 potions of haste
 h - 2 potions of magic
 i - a potion of berserk rage
 k - a potion of resistance


   Skills:
 - Level 5.2 Fighting
 - Level 3.0 Armour
 - Level 7.5 Dodging
 - Level 0.2 Stealth
 - Level 2.6 Shields
 + Level 18.7 Unarmed Combat
 - Level 11.8 Invocations
 - Level 0.4 Evocations
 * Level 13.6 Shapeshifting


You had 10 spell levels left.
You didn't know any spells.
Your spell library was empty.

Dungeon Overview and Level Annotations

Branches:
Dungeon (1/1)

Altars:
Cheibriados
Dithmenos
Fedhas
Gozag
Kikubaaqudgha
Makhleb
Okawaru
Qazlal
Ru
Sif Muna
Trog
Uskayaw
Vehumet
Wu Jian
Xom
Yredelemnul
Zin
The Shining One
Lugonu

Shops:
D *[=??*?*:[((!!!!


Innate Abilities, Weirdness & Mutations

You have blades for hands.
You are incapable of wielding weapons or throwing items.
You are too large for most types of armour.
((You have claws for hands.))
Your natural rate of healing is unusually fast.
You are covered in fur. (AC +1)
You have tough skin. (AC +1)


Message History

You resist with some effort.
You slash the dimme!
The dimme is heavily wounded.
The eldritch tentacle slaps you. The eldritch tentacle claws you!!
Space warps around you.
You slice the dimme!! You slash the dimme.
The dimme is severely wounded.
The dimme chants a haunting song.
You are mesmerised by the dimme!
You slash the dimme!
The dimme is severely wounded.
The eldritch tentacle slaps you! You resist with almost no effort.
The eldritch tentacle claws you!! The eldritch tentacle freezes you!!
You feel protected from cold.
* * * LOW HITPOINT WARNING * * *
You are too injured to fight recklessly!
Unknown command.
Okay, then.
You feel much better.
The eldritch tentacle barely misses you.
The eldritch tentacle closely misses you.
Unknown command.
You barely miss the dimme.
The dimme is severely wounded.
You block the eldritch tentacle's attack.
The eldritch tentacle closely misses you.
The dimme is engulfed in blazing flames.
The dimme chants its luring song.
Unknown command.
You barely miss the dimme. Your slash misses the dimme.
The dimme is severely wounded.
The eldritch tentacle slaps you!!
* * * LOW HITPOINT WARNING * * *
You block the eldritch tentacle's attack.
The dimme is engulfed in blazing flames.
The dimme chants its luring song.
You feel much better.
You block the eldritch tentacle's attack.
The eldritch tentacle claws you!!
You die...

.........###...###.....)..).⌠#
.........# #.<.# #..........⌠#
.........###...###..........⌠#
............###.............##
#∩........8.# #.8........∩###
##∩___......###...÷...__∩##
######.8...÷.Λ.§°8.######
#⌠.....*○w.[)⌠#
###.......@m### #_.....°.○#
#_.....°..# #...†.†.._#
#∩...†...∩# ##∩..†..∩##
##.....## ##⌠⌠⌠## #####


You could see an eldritch tentacle and a dimme (mesmerising).

Vanquished Creatures
  A naga warrior (D)
  6 deep trolls (D)
  A deep elf archer (D)
  A harpy (shapeshifter) (D)
  A deep elf zephyrmancer (D)
  4 deep elf pyromancers (D)
  A black mamba (shapeshifter) (D)
  A cane toad (shapeshifter) (D)
  A yaktaur (shapeshifter) (D)
  2 trolls (D)
  8 polar bears (D)
  A hornet (shapeshifter) (D)
  A blink frog (shapeshifter) (D)
  2 culicivoras (shapeshifter) (D)
  8 centaurs (D)
  A necrophage (D)
  A scorpion (D)
  A wight (D)
  Terence (D)
  An adder (D)
  A white imp (D)
  A worm (D)
  A bat skeleton (D)
  A bat zombie (D)
  3 giant cockroaches (D)
  A ball python zombie (D)
  2 kobolds (D)
  A quokka zombie (D)
55 creatures vanquished.

Notes
Turn   | Place    | Note
-------+----------+-------------------------------------------
     0 | D        | rocky1 the Troll Shapeshifter began the quest for the Orb.
     0 | D        | Reached XP level 1. HP: 18/18 MP: 0/0
     3 | D        | Found an ornate altar of the Wu Jian Council.
     4 | D        | Found an ancient bone altar of Kikubaaqudgha.
     4 | D        | Found a burning altar of Makhleb.
     5 | D        | Found an iron altar of Okawaru.
     5 | D        | Found a stormy altar of Qazlal.
     5 | D        | Round 1.
     6 | D        | Found a sacrificial altar of Ru.
     6 | D        | Found a shadowy altar of Dithmenos.
     6 | D        | Found Neyn's Magic Scroll Shop.
     6 | D        | Found Vimmuf's Staff Store.
     7 | D        | Found Doriakkan's Magic Scroll Shop.
     7 | D        | Found Laoshil's Must-Have Magic.
    17 | D        | Found a glowing golden altar of the Shining One.
    21 | D        | Found an opulent altar of Gozag.
    22 | D        | Found Pecifos's Distillery.
    23 | D        | Found Goddooca's Distillery.
    23 | D        | Found Ipuutt's Bottled Wisdom.
    24 | D        | Found a bloodstained altar of Trog.
    24 | D        | Found a shimmering altar of Xom.
    24 | D        | Found Nofahuf's Do-It-Yourself Clinic.
    38 | D        | Became a worshipper of Qazlal Stormbringer
    57 | D        | Found a snail-covered altar of Cheibriados.
    59 | D        | Found Esuineh's Timeless Talismans.
    61 | D        | Found Joeruudd's Jewellery.
    61 | D        | Found Qofri's Advanced Armour.
    62 | D        | Found a basalt altar of Yredelemnul.
    62 | D        | Found a shimmering blue altar of Sif Muna.
    62 | D        | Found a glowing silver altar of Zin.
    62 | D        | Found Coif Rili's Identification Station.
    73 | D        | Reached skill level 4 in Unarmed Combat
    73 | D        | Reached XP level 2. HP: 26/26 MP: 1/1
    75 | D        | Found a corrupted altar of Lugonu.
    76 | D        | Found a hide-covered altar of Uskayaw.
    80 | D        | Found Fecohigu's Premium Goods.
    82 | D        | Found Giemank's Miscellaneous Merchandise.
    82 | D        | Found Tupse Sicats's Basic Armour.
    83 | D        | Found a blossoming altar of Fedhas.
    83 | D        | Found a radiant altar of Vehumet.
    83 | D        | Found Anibbyusch's Weapon Rack.
   148 | D        | Noticed Terence
   158 | D        | Killed Terence
   158 | D        | Reached * piety under Qazlal
   159 | D        | Reached skill level 5 in Unarmed Combat
   159 | D        | Reached XP level 3. HP: 24/32 MP: 2/2
   161 | D        | Arena points: 12 (+12) [x2]
   162 | D        | Reached skill level 5 in Shapeshifting
   202 | D        | Round 2.
   268 | D        | Reached ** piety under Qazlal
   334 | D        | Noticed a scorpion
   341 | D        | Killed a scorpion
   341 | D        | Arena points: 48 (+36) [x3]
   342 | D        | Reached skill level 1 in Fighting
   342 | D        | Reached skill level 6 in Unarmed Combat
   342 | D        | Reached XP level 4. HP: 31/41 MP: 2/4
   352 | D        | Bought a brightly glowing lapis lazuli ring for 45 gold
                  | pieces
   352 | D        | Identified the ring "Asop" {*Corrode rPois rN+ Will+} (You
                  | bought it in a shop in the Dungeon)
   352 | D        | Bought a crude lead ring for 45 gold pieces
   352 | D        | Identified the ring of Widosix {rElec rPois Will+ Slay+2
                  | Stlth-} (You bought it in a shop in the Dungeon)
   352 | D        | Bought a vibrating ivory amulet for 45 gold pieces
   352 | D        | Identified the amulet "Quuhaywi" {Reflect Slay+3 SH+5} (You
                  | bought it in a shop in the Dungeon)
   352 | D        | Bought a slimy amethyst amulet for 45 gold pieces
   352 | D        | Identified the amulet of Royalty {rPois Regen+ Int+2 Dex-5}
                  | (You bought it in a shop in the Dungeon)
   364 | D        | Bought a scorched silver ring for 45 gold pieces
   364 | D        | Identified the ring "Surphat" {*Slow rCorr Int+5 Dex+6
                  | Stlth+} (You bought it in a shop in the Dungeon)
   407 | D        | Round 3.
   415 | D        | Noticed a deep elf archer
   437 | D        | Killed a deep elf archer
   437 | D        | Reached *** piety under Qazlal
   438 | D        | Reached skill level 1 in Shields
   438 | D        | Reached skill level 10 in Unarmed Combat
   438 | D        | Reached skill level 5 in Invocations
   438 | D        | Reached XP level 5. HP: 40/49 MP: 4/7
   438 | D        | Reached XP level 6. HP: 46/57 MP: 4/8
   438 | D        | Reached XP level 7. HP: 51/63 MP: 4/9
   464 | D        | Noticed a deep elf pyromancer
   469 | D        | Killed a deep elf pyromancer
   470 | D        | Reached skill level 11 in Unarmed Combat
   490 | D        | Noticed a deep elf zephyrmancer
   496 | D        | Killed a deep elf zephyrmancer
   497 | D        | Reached skill level 12 in Unarmed Combat
   497 | D        | Reached skill level 10 in Shapeshifting
   497 | D        | Reached XP level 8. HP: 60/72 MP: 10/12
   509 | D        | Noticed a deep elf pyromancer
   515 | D        | Noticed a deep elf pyromancer
   520 | D        | Killed a deep elf pyromancer
   521 | D        | Reached skill level 13 in Unarmed Combat
   524 | D        | Killed a deep elf pyromancer
   524 | D        | Reached **** piety under Qazlal
   525 | D        | Reached XP level 9. HP: 70/80 MP: 13/13
   527 | D        | Noticed a deep elf pyromancer
   537 | D        | Killed a deep elf pyromancer
   537 | D        | Arena points: 132 (+84) [x4]
   538 | D        | Reached skill level 14 in Unarmed Combat
   601 | D        | Round 4.
   704 | D        | Reached ***** piety under Qazlal
   720 | D        | Arena points: 272 (+140) [x5]
   796 | D        | Round 5.
   796 | D        | Noticed a naga warlord
   807 | D        | Killed a naga warlord
   807 | D        | Identified the scarf of the Mangosteen {harm, rF- Dex+5}
                  | (You found it in the Dungeon)
   807 | D        | Arena points: 552 (+280) [x7]
   808 | D        | Reached skill level 5 in Dodging
   810 | D        | Got a serpentine rune of Zot
   811 | D        | Reached XP level 10. HP: 69/92 MP: 15/15
   944 | D        | Bought 4 potions of curing for 84 gold pieces
   944 | D        | Bought 3 potions of heal wounds for 105 gold pieces
   977 | D        | Round 6.
   977 | D        | Noticed a deep troll
   984 | D        | Killed a deep troll
   985 | D        | Reached skill level 15 in Unarmed Combat
   995 | D        | Noticed a deep troll
  1000 | D        | Killed a deep troll
  1001 | D        | Reached XP level 11. HP: 83/100 MP: 17/17
  1059 | D        | Noticed a deep troll
  1060 | D        | Noticed a deep troll
  1065 | D        | Killed a deep troll
  1066 | D        | Reached skill level 16 in Unarmed Combat
  1066 | D        | Reached skill level 10 in Invocations
  1070 | D        | Killed a deep troll
  1076 | D        | Noticed a deep troll
  1082 | D        | Killed a deep troll
  1083 | D        | Reached skill level 17 in Unarmed Combat
  1099 | D        | Noticed a deep troll
  1105 | D        | Killed a deep troll
  1105 | D        | Reached ****** piety under Qazlal
  1106 | D        | Reached skill level 1 in Armour
  1107 | D        | Arena points: 984 (+432) [x8]
  1138 | D        | Bought a granite talisman for 420 gold pieces
  1138 | D        | Bought a maw talisman for 210 gold pieces
  1182 | D        | Round 7.
  1261 | D        | Arena points: 1551 (+567) [x9]
  1325 | D        | Round 8.
  1442 | D        | Reached skill level 18 in Unarmed Combat
  1495 | D        | Arena points: 2271 (+720) [x10]
  1520 | D        | Bought a dragon-blood talisman for 420 gold pieces
  1520 | D        | Bought a blade talisman for 210 gold pieces
  1520 | D        | Bought a serpent talisman for 210 gold pieces
  1532 | D        | Round 9.
  1544 | D        | Noticed a harpy
  1546 | D        | Killed a harpy
  1547 | D        | Reached skill level 5 in Fighting
  1657 | D        | Arena points: 3162 (+891) [x11]
  1730 | D        | Round 10.
  1730 | D        | Noticed a dimme
  1742 | D        | HP: 5/104 [eldritch tentacle[a dimme] (25)]
  1743 | D        | Slain by an eldritch tentacle

Illustrated notes

Levels and vault maps discovered:
D:        arena_sprint

Skill      XL: |  1  2  3  4  5  6  7  8  9 10 11 |
---------------+----------------------------------+-----
Unarmed Combat | 4 5 6 10 12 13 14 15 18 | 18.7
Dodging        | 2 3 4 5 7 |  7.5
Shapeshifting  | 4 6 8 10 11 12 13 | 13.6
Fighting       | 1 2 3 4 5 |  5.2
Invocations    | 2 5 6 7 9 11 | 11.8
Shields        | 1 2 |  2.6
Armour         | 3 |  3.0
Stealth        | |  0.2
Evocations     | |  0.4

Action                     |  1- 3 |  4- 6 |  7- 9 | 10-12 || total
---------------------------+-------+-------+-------+-------++-------
  Melee: Unarmed           |    30 |     9 |    28 |    85 ||   152
         Punch             |       |       |     2 |     6 ||     8
         Maw               |       |       |       |    11 ||    11
  Evoke: Wand              |       |       |     5 |       ||     5
    Use: Scroll            |       |     5 |       |       ||     5
         Potion            |       |     2 |     1 |     2 ||     5
 Armour: Animal skin       |    13 |     5 |     4 |     7 ||    29
         Skin              |       |       |       |    56 ||    56
         Troll leather arm |       |       |       |    34 ||    34
  Dodge: Dodged            |    15 |     3 |     9 |    47 ||    74
         Repelled          |       |       |     1 |     1 ||     2
  Block: Other             |       |     4 |     7 |    54 ||    65
         Reflection        |       |     1 |       |    13 ||    14
   Form: Blade             |       |       |       |     1 ||     1
         Maw               |       |       |       |     1 ||     1

Table legend: (Time is in decaauts)
 A = Elapsed time spent in this place.
 B = Non-inter-level travel time spent in this place.
 C = Inter-level travel time spent in this place.
 D = Time resting spent in this place.
 E = Time spent auto-exploring this place.
 F = Levels seen in this place.
 G = Mean time per level.
                   A        B        C        D        E       F      G
               +--------+--------+--------+--------+--------+-----+--------+
         Total |   1704 |   1704 |      0 |    538 |      0 |   1 | 1704.0 |
       Dungeon |   1704 |   1704 |      0 |    538 |      0 |   1 | 1704.0 |
               +--------+--------+--------+--------+--------+-----+--------+

Top non-repeatable levels by time:
       D: 1704 daAuts
